Description

After firszt attack at 07:00 build 2 more barracks star Infantry armor level 1 and concussive shells for marauders and keep queuing widow mines, medivacs,marines and marauders.

When possible turn 3rd base into orbital command and start queuing SCV's towards new base. As it is bio based build go for academy and and get the third base maxed out with refineries and finaly start building ghosts. Add a factory and reactor on the 2 new barracks build armory

Build Order

Get SALT Encoding   

  14  00:17  Supply Depot  
  15  00:38  Barracks  
  16  00:47  Refinery  
  19  01:27  Orbital Command, Reaper  
  20  01:46  Command Center  
  21  01:53  Supply Depot  
  21  01:59  Marine  
  22  02:06  Bunker  
  23  02:15  Factory  
  24  02:21  Barracks Reactor  
  24  02:30  Refinery  
  27  02:55  Orbital Command  
  27  02:58  Marine x2, Factory Tech Lab  
  29  03:04  Starport  
  30  03:16  Marine x2  
  33  03:20  Cyclone  
  37  03:26  Supply Depot  
  38  03:31  SCV  
  39  03:38  Barracks  
  39  03:41  Marine x2  
  41  03:46  Viking  
  42  03:49  SCV x2  
  44  03:58  Engineering Bay  
  44  04:00  Marine x2  
  46  04:02  SCV x2  
  48  04:08  Factory Tech Lab  Swop factory with starport
  48  04:14  SCV, Refinery  
  49  04:15  SCV, Supply Depot  
  50  04:22  Marine x2  
  52  04:24  Raven  Swop barracks and factoy
  54  04:31  Barracks  
  54  04:36  Terran Infantry Weapons Level 1  
  54  04:37  SCV x2  
  56  04:48  Marine x2  
  58  04:49  Supply Depot  
  58  04:50  Marine x2  
  60  04:52  Stimpack  
  60  04:55  Marine  
  61  04:58  Supply Depot  Move Starport and Factory to prep for reactors
  61  05:01  SCV x2  
  63  05:12  Supply Depot  
  63  05:14  SCV x2  
  65  05:19  Factory Reactor, Starport Reactor  Move brracks to tech lab
  65  05:20  Marine x2, Marauder  `
  69  05:24  Combat Shield  
  73  05:35  Supply Depot, Refinery  
  73  05:39  Marine x2  
  75  05:49  Marauder x2  
  79  05:51  Supply Depot  
  79  05:55  Widow Mine x2, Medivac x2  
  87  05:56  Marine x2  
  89  06:08  SCV x2  
  91  06:12  Marine, Marauder  
  94  06:14  Marine x2  
  96  06:15  Supply Depot  
  96  06:24  Command Center  Start moving out
  96  06:28  Marauder  
  98  06:29  Medivac x2  
  102  06:32  Marine  
Spawning Tool Build Advisor. Get it on Overwolf

Go to:

Details

  • Created by: ricod306
  • Published on: May 08, 2020
  • Modified on: May 08, 2020
  • Patch: 4.11.0
Show
View Real Time Build Order
Export as new Build Order

Comments (0)

There are no comments. Be the first!

Create an account to comment!